Map: Línea Aguablanca EE

Players

TATORREA - Winner!

  • Race: Protoss Protoss
  • League: Gold
  • Spawn Location: 1:00

MrFercho - Winner!

  • Race: Zerg Zerg
  • League: Gold
  • Spawn Location: 12:00

tigro - Winner!

  • Race: Terran Terran
  • League: Bronze
  • Spawn Location: 1:00

WreakinHavoc

  • Race: Protoss Protoss
  • League: Gold
  • Spawn Location: 7:00

Woodlord

  • Race: Protoss Protoss
  • League: Silver
  • Spawn Location: 7:00

Terrmena

  • Race: Terran Terran
  • League: Bronze
  • Spawn Location: 6:00

VOD

Have the link to the VOD?

Description

Time

  • Played on: Aug. 15, 2020, 9:19 p.m.
  • Length: 14:42
Show
View Real Time Build Order
Export as new Build Order

TATORREA Protoss - Winner!

Build Orders: Mass Adepts 

Get SALT Encoding   

  12  0:06  Probe  
  13  0:18  Probe  
  14  0:30  Probe  
  14  0:31  Pylon  
  15  0:49  Probe  
  16  0:56  Gateway  
  16  1:01  Probe  
  17  1:13  Probe  
  18  1:20  Gateway  
  18  1:23  Pylon  
  18  1:25  Probe  
  19  1:37  Assimilator  
  19  1:38  Probe  
  19  1:39  Pylon  
  20  1:45  Assimilator  
  20  1:49  Gateway  
  20  1:50  Probe  
  21  2:02  Probe  
  22  2:15  Probe  
  22  2:25  Cybernetics Core  
  23  2:30  Probe  
  23  2:36  Gateway  
  23  2:55  Nexus  
  23  2:59  Pylon  
  23  3:01  Pylon  
  23  3:09  Warp Gate  
  23  3:20  Twilight Council  
  23  3:22  Adept x2  
  27  3:29  Adept  
  29  3:35  Adept  
  31  3:44  Probe  
  31  3:48  Resonating Glaives (Chrono Boost)  
  32  4:01  Adept x2  
  36  4:04  Adept  
  38  4:14  Probe x2  
  40  4:17  Adept  
  42  4:33  Adept x2  
  42  4:35  Adept  
  48  5:01  Shield Battery  
  48  5:03  Shield Battery  
  46  5:28  Stalker x2  
  46  5:29  Stalker x2  
  54  5:46  Probe x2 (Chrono Boost)  
  56  5:51  Charge  
  56  5:57  Probe x2 (Chrono Boost)  
  58  5:58  Stargate  
  58  6:01  Probe x2 (Chrono Boost), Stargate  
  60  6:12  Probe x2  
  62  6:24  Probe x2  
  64  6:46  Stalker x4  
  48  7:31  Stalker x3  
  48  7:32  Stalker  
  48  7:33  Probe x2  
  54  7:38  Assimilator  
  54  7:40  Assimilator  
  54  7:43  Gateway  
  54  7:45  Gateway, Probe x2  
  54  7:48  Gateway  
  54  7:50  Gateway  
  56  7:52  Void Ray  
  56  7:57  Probe x2  
  62  8:01  Void Ray  
  62  8:02  Nexus  
  62  8:05  Pylon  
  66  8:07  Pylon  
  66  8:09  Probe  
  66  8:10  Probe  
  66  8:12  Stalker  
  70  8:20  Pylon  
  70  8:23  Probe x2  
  70  8:26  Pylon  
  72  8:35  Void Ray  
  76  8:43  Void Ray  
  80  8:55  Stalker x2  
  82  8:56  Stalker  
  86  9:14  Fleet Beacon  
  86  9:17  Forge  
  86  9:22  Forge  
  74  10:07  Stalker x5  
  74  10:08  Stalker x3  
  70  10:41  Stalker x4  
  70  10:42  Stalker x3  
  82  10:43  Stalker  
  74  11:13  Stalker x2  
  74  11:14  Stalker x2  
  74  11:15  Stalker x3  
  74  11:16  Stalker  
  83  11:35  Probe x2  
  83  11:36  Probe  
  83  11:38  Stalker  
  83  11:39  Stalker x4  
  96  11:40  Stalker x2  
  100  11:47  Probe  
  100  11:48  Probe x2  
  97  12:25  Stalker  
  97  12:26  Stalker x4  
  97  12:27  Stalker x2  
  97  12:28  Stalker  
  113  12:46  Blink (Chrono Boost)  
  113  12:52  Stalker x2  
  107  13:25  Probe  
  107  13:26  Pylon, Probe x2  
  108  13:30  Pylon  
  108  13:31  Stalker x2  
  108  13:32  Stalker x2  
  108  13:34  Pylon  
  116  13:38  Assimilator, Probe x2  
  116  13:39  Pylon  
  114  13:43  Assimilator  
  114  14:19  Stalker  
  114  14:20  Stalker x4  
  114  14:21  Stalker x3  
Show
View Real Time Build Order
Export as new Build Order

MrFercho Zerg - Winner!

Build Orders: Hatch First, Roach Hydra 

Get SALT Encoding   

  12  0:01  Drone  
  13  0:16  Overlord  
  13  0:18  Drone  
  14  0:38  Drone x2  
  16  0:53  Drone  
  16  0:55  Hatchery  
  16  0:59  Drone  
  16  1:02  Drone  
  18  1:14  Extractor  
  17  1:19  Spawning Pool  
  17  1:23  Drone  
  17  1:24  Drone  
  18  1:33  Drone  
  19  1:48  Drone  
  20  2:00  Overlord  
  20  2:09  Zergling x4  
  22  2:15  Queen  
  22  2:16  Queen  
  22  2:17  Overlord  
  22  2:18  Drone  
  27  2:24  Metabolic Boost  
  27  2:26  Drone  
  28  2:31  Drone  
  29  2:41  Drone x2  
  31  2:47  Drone  
  31  2:50  Drone  
  35  3:04  Lair  
  33  3:06  Drone x2  
  33  3:07  Queen  
  33  3:10  Overlord  
  33  3:11  Drone  
  38  3:27  Drone x5  
  43  3:38  Drone x2  
  45  3:47  Roach Warren, Evolution Chamber  
  43  3:48  Extractor  
  43  3:50  Extractor  
  43  3:52  Queen  
  43  4:01  Drone x3  
  46  4:03  Drone x3  
  49  4:19  Zerg Missile Weapons Level 1  
  49  4:27  Glial Reconstitution  
  49  4:31  Overlord  
  49  4:32  Overlord  
  49  4:33  Drone x2  
  51  4:56  Spine Crawler  
  51  4:59  Spore Crawler  
  47  5:00  Roach  
  47  5:01  Roach x9  
  67  5:12  Roach x2  
  67  5:13  Roach  
  55  5:36  Drone x6  
  61  5:45  Queen  
  63  5:53  Hydralisk Den  
  62  6:07  Drone  
  62  6:08  Drone x5  
  68  6:15  Overlord  
  68  6:48  Hydralisk Den, Drone  
  68  6:49  Drone x5  
  68  6:51  Drone  
  74  6:57  Grooved Spines  
  74  7:00  Extractor  
  71  7:34  Roach  
  71  7:35  Roach x2  
  71  7:36  Overlord x3  
  71  7:37  Overlord x2  
  73  7:42  Muscular Augments  
  73  7:43  Zerg Missile Weapons Level 2  
  65  7:44  Hydralisk x5  
  63  8:00  Nydus Network  
  63  8:01  Queen  
  63  8:02  Hydralisk x3  
  63  8:03  Hydralisk x4  
  78  8:30  Hydralisk x3  
  78  8:31  Hydralisk x2  
  88  8:37  Extractor, Hatchery  
  88  8:41  Extractor  
  85  8:48  Pneumatized Carapace  
  85  9:02  Nydus Canal  
  85  9:08  Hydralisk  
  85  9:09  Hydralisk x5  
  78  9:50  Hydralisk  
  78  9:51  Hydralisk x8  
  80  10:14  Nydus Canal  
  74  10:30  Nydus Canal  
  74  10:48  Overlord x5  
  70  12:01  Hatchery  
  69  12:19  Hydralisk x10  
  83  12:34  Spawning Pool  
  72  13:35  Hydralisk x8  
Show
View Real Time Build Order
Export as new Build Order

tigro Terran - Winner!

Build Orders:  

Get SALT Encoding   

  12  0:14  SCV  
  13  0:22  Supply Depot  
  13  0:26  SCV  
  14  0:38  SCV  
  15  0:45  Supply Depot  
  15  0:50  SCV  
  15  0:55  Barracks  
  16  1:02  SCV  
  17  1:07  Refinery  
  17  1:14  SCV  
  18  1:24  Refinery  
  18  1:26  SCV  
  19  1:38  SCV  
  20  1:44  Marine  
  21  1:50  SCV  
  22  1:55  Engineering Bay  
  22  2:01  Marine  
  23  2:15  Factory  
  23  2:19  Marine  
  24  2:37  Marine  
  25  2:49  SCV  
  25  2:50  Command Center  
  26  2:55  Marine  
  27  3:01  Factory Tech Lab, SCV  
  28  3:13  SCV  
  28  3:15  Starport, Terran Infantry Weapons Level 1  
  29  3:20  Barracks Tech Lab  
  29  3:33  Orbital Command  
  29  3:55  Starport Tech Lab  
  29  4:02  Siege Tank  
  32  4:05  Refinery  
  32  4:07  Missile Turret  
  32  4:28  Missile Turret  
  32  4:29  Medivac  
  34  4:33  Combat Shield  
  34  4:43  Marine  
  35  4:49  Missile Turret  
  32  5:00  Marine  
  32  5:04  Siege Tank  
  33  5:09  Terran Infantry Armor Level 1  
  33  5:18  Marine  
  34  5:25  Missile Turret  
  34  5:36  Marine  
  35  5:52  Siege Tank  
  35  5:54  Supply Depot  
  38  6:10  Stimpack  
  38  6:16  Marine, SCV  
  38  6:18  Supply Depot  
  40  6:28  SCV  
  41  6:33  Marine  
  41  6:36  Refinery  
  42  6:40  SCV  
  42  6:41  Armory  
  41  6:51  Marine  
  41  6:52  SCV  
  37  7:03  Neosteel Armor  
  37  7:04  SCV  
  36  7:09  Marine  
  37  7:20  Medivac  
  39  7:27  Marine  
  38  7:45  Marine  
  39  7:53  Barracks, Thor  
  45  8:02  Marine  
  42  8:16  Terran Vehicle Weapons Level 1  
  42  8:20  Marine  
  43  8:29  SCV  
  44  8:36  Thor  
  44  8:38  Marine  
  51  8:42  SCV  
  51  8:43  Hi-Sec Auto Tracking  
  52  8:52  Barracks Reactor  
  52  8:54  SCV  
  53  8:56  Marine  
  53  8:59  Fusion Core  
  54  9:06  SCV  
  55  9:14  Marine  
  56  9:18  Thor, SCV  
  63  9:29  Marine x2  
  65  9:32  Marine  
  64  9:47  Marine x2  
  64  9:49  Marine  
  62  10:05  Marine x2  
  62  10:07  Marine  
  62  10:10  Terran Vehicle And Ship Armor Level 1  
  53  10:22  Marine  
  53  10:23  Marine  
  53  10:25  Marine  
  53  10:27  Thor  
  54  10:40  Marine x2  
  43  10:43  Marine  
  30  10:58  Marine x2  
  30  11:01  Marine  
  33  11:10  Thor  
  36  11:16  Marine x2  
  37  11:40  Marine x3  
  40  11:52  Thor  
  42  11:57  Marine  
  42  11:58  Marine x2  
  42  12:04  Terran Ship Weapons Level 1  
  42  12:15  Marine  
  43  12:38  SCV  
  44  12:50  SCV  
  44  13:02  SCV  
  45  13:14  SCV  
  46  13:21  Starport  
  46  13:26  Missile Turret  
  46  13:27  SCV  
  47  13:46  Missile Turret  
  47  13:48  SCV  
  48  14:02  Refinery  
  48  14:08  Missile Turret  
  50  14:29  Missile Turret  
Show
View Real Time Build Order
Export as new Build Order

WreakinHavoc Protoss 

Build Orders:  

Get SALT Encoding   

  12  0:02  Probe (Chrono Boost)  
  13  0:12  Probe (Chrono Boost)  
  14  0:17  Probe (Chrono Boost)  
  15  0:24  Pylon  
  15  0:29  Assimilator  
  15  0:44  Gateway  
  15  0:49  Assimilator  
  15  0:52  Probe  
  16  1:04  Probe (Chrono Boost)  
  17  1:14  Probe (Chrono Boost)  
  18  1:19  Probe (Chrono Boost)  
  18  1:24  Forge  
  19  1:30  Probe  
  20  1:43  Probe  
  20  1:46  Cybernetics Core  
  21  1:53  Pylon  
  21  2:23  Photon Cannon  
  21  2:27  Stargate  
  21  2:30  Stargate  
  21  2:35  Pylon  
  21  2:43  Pylon  
  25  3:14  Void Ray (Chrono Boost)  
  25  3:18  Void Ray (Chrono Boost)  
  29  3:41  Nexus  
  29  3:46  Assimilator  
  29  3:57  Probe  
  30  4:04  Protoss Air Weapons Level 1 (Chrono Boost)  
  30  4:09  Probe  
  31  4:23  Fleet Beacon  
  31  4:29  Pylon  
  31  4:34  Probe (Chrono Boost)  
  32  4:47  Probe (Chrono Boost)  
  32  4:51  Protoss Shields Level 1  
  33  4:56  Probe (Chrono Boost)  
  33  4:59  Probe (Chrono Boost)  
  31  5:06  Probe x2 (Chrono Boost)  
  29  5:11  Probe (Chrono Boost)  
  30  5:19  Unknown  
  30  5:24  Carrier  
  30  5:25  Carrier  
  42  5:33  Mothership (Chrono Boost)  
  50  5:41  Probe (Chrono Boost)  
  51  5:44  Assimilator  
  51  5:50  Pylon, Probe  
  51  5:54  Pylon  
  52  5:57  Pylon  
  52  6:02  Probe (Chrono Boost)  
  54  6:12  Probe (Chrono Boost)  
  54  6:17  Probe (Chrono Boost)  
  54  6:23  Protoss Air Armor Level 1  
  54  6:25  Stargate  
  55  6:29  Probe, Stargate  
  56  6:38  Photon Cannon  
  56  6:43  Pylon  
  56  6:48  Pylon  
  56  6:53  Pylon  
  54  7:38  Carrier x2  
  66  8:04  Probe (Chrono Boost)  
  67  8:16  Probe (Chrono Boost)  
  68  8:20  Probe (Chrono Boost)  
  68  8:24  Pylon  
  69  8:30  Pylon  
  69  8:31  Probe  
  70  8:39  Photon Cannon  
  70  8:43  Probe  
  70  8:45  Photon Cannon  
  71  8:52  Photon Cannon  
  71  8:56  Photon Cannon  
  71  9:05  Carrier  
  89  9:43  Photon Cannon  
  81  9:48  Photon Cannon  
  80  10:07  Pylon  
  80  10:09  Pylon  
  65  10:46  Pylon  
  64  10:53  Cybernetics Core  
  57  11:00  Photon Cannon  
  39  11:20  Pylon  
  39  11:25  Pylon  
  39  11:28  Pylon  
  33  11:33  Pylon  
  33  11:39  Pylon  
  33  11:46  Forge  
  33  11:48  Gateway  
  33  12:10  Nexus  
  33  12:13  Pylon  
  33  12:16  Pylon  
  33  12:23  Photon Cannon  
  33  12:27  Photon Cannon  
  33  12:30  Photon Cannon  
  33  12:32  Pylon  
  33  12:35  Photon Cannon  
  33  12:41  Cybernetics Core  
Show
View Real Time Build Order
Export as new Build Order

Woodlord Protoss 

Build Orders:  

Get SALT Encoding   

  12  0:02  Probe (Chrono Boost)  
  13  0:16  Pylon  
  13  0:28  Pylon  
  13  0:31  Probe  
  14  0:43  Probe  
  15  0:56  Probe  
  16  1:07  Gateway  
  16  1:08  Probe  
  17  1:13  Gateway  
  17  1:20  Probe  
  17  1:23  Assimilator  
  18  1:32  Probe  
  19  1:50  Gateway  
  19  1:55  Pylon  
  19  1:58  Zealot  
  21  2:01  Zealot  
  23  2:27  Nexus  
  23  2:34  Probe (Chrono Boost)  
  24  2:38  Zealot  
  24  2:39  Zealot  
  24  2:43  Zealot  
  31  2:44  Probe (Chrono Boost)  
  31  2:52  Assimilator  
  31  2:53  Probe (Chrono Boost)  
  32  3:11  Pylon, Zealot  
  34  3:13  Zealot  
  36  3:24  Probe (Chrono Boost)  
  37  3:32  Zealot  
  40  3:34  Probe (Chrono Boost)  
  40  3:38  Zealot (Chrono Boost)  
  42  3:46  Zealot (Chrono Boost)  
  46  4:06  Zealot (Chrono Boost)  
  46  4:26  Forge  
  26  5:34  Photon Cannon  
  26  5:39  Probe (Chrono Boost)  
  27  5:46  Probe (Chrono Boost)  
  29  5:50  Probe (Chrono Boost)  
  29  5:52  Assimilator  
  29  5:54  Probe (Chrono Boost)  
  29  5:57  Assimilator, Probe (Chrono Boost)  
  31  5:59  Probe (Chrono Boost)  
  32  6:05  Photon Cannon  
  32  6:06  Probe  
  31  6:13  Photon Cannon  
  31  6:23  Photon Cannon  
  8  8:01  Probe (Chrono Boost)  
  9  8:12  Probe (Chrono Boost)  
  11  8:20  Probe (Chrono Boost)  
  11  8:25  Probe (Chrono Boost)  
  12  8:34  Pylon, Probe  
  12  8:36  Pylon  
  12  8:39  Pylon  
  13  8:46  Probe  
  13  8:48  Pylon  
  14  9:12  Nexus  
Show
View Real Time Build Order
Export as new Build Order

Terrmena Terran 

Build Orders:  

Get SALT Encoding   

  12  0:09  SCV  
  13  0:20  Supply Depot  
  14  0:21  SCV  
  14  0:33  SCV  
  15  0:43  Barracks  
  15  0:45  SCV  
  16  0:58  Barracks  
  16  0:59  SCV  
  17  1:09  Supply Depot  
  17  1:11  SCV  
  18  1:24  SCV  
  19  1:32  Refinery  
  19  1:34  Marine  
  19  1:36  SCV  
  21  1:45  Refinery  
  21  1:52  Barracks, Marine  
  22  1:54  Marine  
  22  1:56  SCV  
  24  2:21  SCV  
  24  2:22  Marine  
  26  2:23  Marine  
  26  2:28  Supply Depot  
  27  2:33  SCV  
  28  2:40  Marine  
  28  2:41  Marine x2  
  28  2:42  Barracks  
  31  2:50  SCV  
  32  2:54  Supply Depot  
  32  3:00  Marine x3  
  35  3:21  Marine x3  
  35  3:22  Engineering Bay  
  38  3:33  Marine  
  39  3:34  Factory  
  39  3:41  Marine x3  
  42  3:51  Marine  
  43  3:58  Engineering Bay  
  43  4:03  Orbital Command  
  43  4:35  Command Center  
  43  4:44  Armory  
  43  4:46  SCV  
  43  4:52  Supply Depot  
  25  5:29  Barracks Reactor x2  
  25  5:30  Barracks Reactor  
  25  5:38  Barracks Reactor, Terran Infantry Weapons Level 1  
  25  5:39  Terran Infantry Armor Level 1  
  25  5:49  SCV  
  26  5:58  SCV  
  26  6:00  Refinery  
  26  6:02  SCV  
  28  6:10  SCV  
  29  6:14  SCV  
  29  6:15  Barracks  
  30  6:23  SCV  
  31  6:26  SCV  
  30  6:36  Marine  
  30  6:37  Marine x5  
  30  6:38  Marine x2, SCV  
  34  6:54  Marine  
  35  7:10  Marine  
  35  7:11  Marine x7  
  35  7:12  Marine  
  44  7:28  Marine  
  44  7:29  Marine x2  
  42  7:42  Barracks Tech Lab  
  33  7:47  Terran Infantry Weapons Level 2  
  33  7:49  Terran Infantry Armor Level 2  
  29  7:52  Marine x4  
  29  7:53  Marine x4  
  37  8:45  Supply Depot  
  37  8:48  SCV  
  38  9:00  SCV  
  39  9:12  SCV  
  40  9:20  SCV  
  40  9:22  Marine x3  
  40  9:23  Marine x6  
  50  9:24  SCV  
  51  9:32  SCV  
  51  9:36  SCV  
  53  9:40  Marine x5  
  53  9:44  SCV  
  52  9:48  SCV  
  52  9:51  Marine  
  52  9:52  Marine x3  
  51  9:58  Marine x5  
  45  10:10  Marine x4  
  48  10:15  Marine  
  48  10:16  Marine x4  
  35  10:41  Marine  
  35  10:42  Marine x7  
  38  10:59  Marine x5  
  38  11:00  Marine  
  40  11:11  Marine x2  
  37  11:17  Marine x6  
  38  11:29  Marine x2  
  38  11:31  SCV  
  39  11:34  Marine  
  39  11:35  Marine x5  
  40  11:43  SCV  
  40  11:46  Marine  
  40  11:47  Marine  
  40  11:56  SCV  
  16  12:32  SCV  
  16  12:36  Engineering Bay  
  17  12:39  Orbital Command  
  17  13:20  SCV  
  18  13:32  SCV  
  19  13:44  SCV  
  18  13:56  SCV  
  5  14:08  SCV  
  5  14:20  SCV  
Tags
 
Add a new tag
Caveats
  • Supply blocks, unpowered buildings, or Contaminate may cause inaccurate times.
  • Supply counts are checked every 10 seconds.